 Dungeon Crawl Stone Soup version 0.17-a0-2231-gd80ca38 (webtiles) character file.

102 Lysie the Ducker (level 4, -4/21 HPs)
             Began as a Spriggan Enchanter on Oct 27, 2015.
             Was an Initiate of Okawaru.
             Shot with an arrow by a centaur (11 damage)
             ... on level 3 of the Dungeon on Oct 29, 2015.
             The game lasted 00:12:19 (3415 turns).

Lysie the Ducker (Spriggan Enchanter)               Turns: 3415, Time: 00:12:19

Health: -4/21      AC:  3    Str:  5    XL:     4   Next: 50%
Magic:  3/3        EV: 21    Int: 16    God:    Okawaru [......]
Gold:   132        SH:  0    Dex: 16    Spells: 3 memorised, 2 levels left

rFire  . . .     SeeInvis +     s - +1 dagger (antimagic)
rCold  . . .     Clarity  .     b - +1 robe
rNeg   . . .     SustAt   .     (shield restricted)
rPois  .         Gourm    .     (helmet restricted)
rElec  .         Spirit   .     (no cloak)
rCorr  .         Warding  .     (gloves unavailable)
rMut   .         Stasis   .     (boots unavailable)
MR     .....                    (no amulet)
Stlth  +++.......               (no ring)
                                (no ring)

@: very quick, not resistant to hostile enchantments, fairly stealthy
A: unfitting armour, see invisible, herbivore 3, speed 3, slow metabolism 2
a: Renounce Religion


You were on level 3 of the Dungeon.
You worshipped Okawaru.
Okawaru was noncommittal.
You were not hungry.

You visited 1 branch of the dungeon, and saw 3 of its levels.

You collected 132 gold pieces.

Inventory:

Hand Weapons
 a - a +1 dagger
 s - a +1 antimagic dagger (weapon)
Missiles
 e - a throwing net (quivered)
 n - 11 poisoned arrows
Armour
 b - a +1 robe (worn)
Scrolls
 g - a scroll of enchant armour {unknown}
 h - a scroll of immolation {unknown}
 i - 4 scrolls of remove curse {unknown}
 k - a scroll of identify
 l - 2 scrolls of enchant weapon {unknown}
 o - a scroll of recharging {unknown}
 q - a scroll of magic mapping {unknown}
 r - a scroll of noise {unknown}
Potions
 f - a potion of brilliance
 m - a potion of cure mutation {unknown}
Books
 c - a book of Maledictions

   Spells                             Type                      Level
   a - Corona                         Hexes                        1
   b - Ensorcelled Hibernation        Hexes/Ice                    2
   c - Confuse                        Hexes                        3
   d - Tukima's Dance                 Hexes                        3
   e - Dazzling Spray                 Conjuration/Hexes            3
Comestibles
 d - 2 bread rations
 p - 3 fruits


   Skills:
 * Level 2.9 Short Blades
 + Level 5.9 Dodging
 - Level 4.4 Stealth
 - Level 2.6 Spellcasting
 - Level 3.6 Hexes


You had 2 spell levels left.
You knew the following spells:

 Your Spells              Type           Power        Failure   Level  Hunger
a - Corona                Hex            ##.....      6%          1    #......
b - Ensorcelled Hibernat  Hex/Ice        #.....       17%         2    ##.....
c - Dazzling Spray        Conj/Hex       #.......     34%         3    ###....


Dungeon Overview and Level Annotations

Branches:
Dungeon (3/15)

Altars:
Okawaru
Qazlal
Ru
Trog
Zin


Innate Abilities, Weirdness & Mutations

You are tiny and cannot use many weapons and most armour.
You have supernaturally acute eyesight.
You are a herbivore.
You cover ground extremely quickly.
You need consume almost no food.


Message History

* * * LOW HITPOINT WARNING * * *
Drink which item? (? for menu, Esc to quit)
You are confused.
You feel invigorated. The centaur closely misses you.
The centaur closely misses you.
You are too confused!
You are too confused!
You are too confused!
You're too confused to cast spells.
The centaur barely misses you.
You feel less invigorated.
You feel less confused. The centaur misses you.
The centaur completely misses you. The centaur closely misses you.
The centaur completely misses you. The centaur hits you!
The centaur wields a shortbow.
The centaur shoots an arrow.
The arrow completely misses you.
The arrow hits the plant!
The centaur shoots an arrow.
The arrow hits you!
Ouch! That really hurt!
You die...

#..P..P...P............PP
#........................
#......P.P..P..PP.....PP.
#..P♣♣♣...♣♣♣...♣♣♣...♣♣♣
#...♣ ♣...♣ ♣..P♣ ♣P.P♣ ♣
#..P♣♣♣..P♣♣♣P..♣♣♣...♣♣♣
#...P.PP.......P.P.......
#...(.(..................
#.((P.P.@PP..P.P.P...P.PP
#...♣♣♣P.P♣♣♣...♣♣♣..P♣♣♣
#..P♣ ♣P..♣ ♣...♣ ♣...♣ ♣
#...♣♣♣P..♣♣♣..P♣♣♣P..♣♣♣
#......Pc..PPP..PP......P
#.....(..................
#.....P..........P...P...
#..P♣♣♣..(♣♣♣P.P♣♣♣..P♣♣♣
#..P♣ ♣..P♣ ♣).P♣ ♣..P♣ ♣


You could see a centaur.

Vanquished Creatures
  Jessica (D:3)
  An adder (D:2)
  3 worms
  3 orcs (D:3)
  A ball python (D:2)
  9 bats
  5 hobgoblins
  5 kobolds
  A quokka (D:2)
  2 giant cockroaches (D:2)
  3 giant geckos
  3 giant newts
  6 goblins
  7 jackals
  8 rats
58 creatures vanquished.

Vanquished Creatures (others)
  A plant (D:3)
1 creature vanquished.

Grand Total: 59 creatures vanquished

Notes
Turn   | Place    | Note
--------------------------------------------------------------
     0 | D:1      | Lysie the Spriggan Enchanter began the quest for the Orb.
     0 | D:1      | Reached XP level 1. HP: 9/9 MP: 5/5
     0 | D:1      | Upgraded the game from 0.17-a0-2211-gbb7320e to 0.17-a0-2231-gd80ca38
   832 | D:1      | Reached XP level 2. HP: 13/13 MP: 6/6
   836 | D:1      | Learned a level 2 spell: Ensorcelled Hibernation
  1355 | D:2      | Found a sacrificial altar of Ru.
  1609 | D:2      | Reached XP level 3. HP: 12/16 MP: 8/8
  1733 | D:2      | Found a stormy altar of Qazlal.
  1954 | D:2      | Found a glowing silver altar of Zin.
  2379 | D:3      | Found a bloodstained altar of Trog.
  2380 | D:3      | Noticed an eye of draining
  2380 | D:3      | Noticed an eye of draining
  2382 | D:3      | Reached skill level 5 in Dodging
  2398 | D:3      | Learned a level 3 spell: Dazzling Spray
  2521 | D:3      | Found an iron altar of Okawaru.
  2521 | D:3      | Noticed Jessica
  2544 | D:3      | Became a worshipper of Warmaster Okawaru
  2556 | D:3      | Killed Jessica
  2556 | D:3      | Reached XP level 4. HP: 19/21 MP: 3/9
  2645 | D:3      | Noticed a centaur
  3415 | D:3      | Shot with an arrow by a centaur

Vault maps used:
D:1:      arrival_zaba_pyramid, hex_large
D:2:      wad_river_or_something, lemuel_crystal_altar, lemuel_round_altar,
          lemuel_round_altar
D:3:      trog_eyes_of_draining, nicolae_overflow_crystal_walls,
          kennysheep_boxes, uniq_jessica

Action                   |  1- 3 |  4- 6 || total
-------------------------+-------+-------++-------
Melee: Dagger            |   176 |    19 ||   195
Throw: Throwing net      |     1 |       ||     1
 Cast: Ensorcelled Hiber |     4 |       ||     4
  Use: Potion            |     2 |     2 ||     4
       Scroll            |       |     1 ||     1
 Stab: Sleeping          |    13 |     3 ||    16
       Held in net/web   |     1 |       ||     1
       Distracted        |       |     1 ||     1
